Unix NetHack Version 5.0.0-0 post-release - last build Jun 10 2026 00:39:30 (3ee93aec679c4c4259841fe613dc97188e26a321,branch:main).

Game began 2026-06-20 16:42:26, ended 2026-06-20 21:05:25.

CyberFan, chaotic male human Monk

      --+---
      |.....                            -------------           ------------
      |....| #                         #.......4....|          #-..........|
     #-.....##                         #|.......4..4[0       ###|.......<..|
     #|....| #                        ##|.......)..@|#       #  ------------
     #------ ###%##----------------  ## |..........>|#       #
     ##           #|...............###  |...{.....%.|#       #
      #           #-..............|     -----------.-)      ##
      #            |..............-####            # #      #
      #            ----------------   ##########2#####)######
      #                              #################     ##
 -----#                                            ###     ###
 |...|#                                            #-+------##
 |...-#                                             |......|##
 |...|                                              |.......######
 |...|                                              +......|  #  ##-------
 |...|                                              |......|      #|%.....
 |...|                                              --------    ###....%/.
 -----                                                             -------

CyberFan the Student of Stones  St:25 Dx:16 Co:18 In:10 Wi:17 Ch:9  Chaotic
Dlvl:27 $:6009 HP:0(81) Pw:60(78) AC:-6 Xp:12/37890 T:26492  Blind

Latest messages:
 Your armor is rather cumbersome...
 You miss the Angel.
 The Angel swings her long sword.
 The Angel hits!
 The Angel swings her long sword.
 The Angel hits again!
 The Angel hits!
 The air crackles around the Angel.
 Your armor is rather cumbersome...
 You miss the Angel.
 The Angel swings her long sword.
 The Angel hits!
 The Angel swings her long sword.
 The Angel hits again!
 The Angel hits!
 The Angel casts a spell at you!
 You are hit by a shower of missiles!
 You swap places with your Angel.
 Some text has been burned into the stairs here.
 You read: "Elbereth".
 The soldier picks up a wooden shield.
 You climb up the stairs.
 The Angel swings her long sword at the invisible demilich.
 The Angel misses the invisible demilich.
 The Angel swings her long sword at the invisible demilich.
 The Angel hits the invisible demilich.
 The Angel misses the invisible demilich.
 The Angel picks up a mummy wrapping.
 The troll swings his club at the leocrotta.
 The troll hits the leocrotta.
 The troll misses the leocrotta.
 The troll bites the leocrotta.
 The invisible ice troll swings her runed broadsword at the leocrotta.
 The invisible ice troll hits the leocrotta.
 The leocrotta is killed!
 The invisible demilich touches you!
 The invisible demilich casts a spell at you!
 You feel as if you need some help.
 You feel a malignant aura surround you.
 Are you waiting to get hit?  Use 'm' prefix to force a no-op (to rest).
 What do you want to use or apply? [ceghu-wzABGHLNRY or ?*]
 In what direction?
 You are blinded by the flash!
 You hear some noises.
 It hits!
 It hits again!
 It hits!
 Something casts a spell at you!
 You are hit by a shower of missiles!
 You die...

Inventory:
 Coins    ('$')
  $ - 6009 gold pieces
 Amulets  ('"')
  Q - a cursed amulet of flying
  S - an uncursed amulet of life saving
  P - an uncursed amulet of reflection (being worn)
 Armor    ('[')
  n - an uncursed +2 elven leather helm (being worn)
  t - a cursed rusty +2 pair of gauntlets of power (being worn)
  f - an uncursed +0 pair of water walking boots (being worn)
  b - an uncursed burnt +3 robe (being worn)
  l - an uncursed +0 dwarvish mithril-coat (being worn)
  y - an uncursed +0 set of gold dragon scales
 Comestibles  ('%')
  p - 3 uncursed C-rations
  J - 3 uncursed food rations
  d - 3 uncursed K-rations
  N - 6 uncursed lumps of royal jelly
 Scrolls  ('?')
  X - a blessed scroll of blank paper
  Z - 2 uncursed scrolls of charging
  j - 2 uncursed scrolls of confuse monster
  s - 2 uncursed scrolls of create monster
  r - a cursed scroll of create monster
  k - an uncursed scroll of destroy armor
  U - a blessed scroll of earth
  V - an uncursed scroll of earth
  E - a cursed scroll of fire
  o - an uncursed scroll of food detection
  O - 2 uncursed scrolls of magic mapping
  m - a cursed scroll of magic mapping
  I - 2 uncursed scrolls of remove curse
 Potions  ('!')
  D - a cursed potion of invisibility
  x - an uncursed potion of speed
  M - 3 potions of holy water
 Rings    ('=')
  i - an uncursed ring of conflict
  K - an uncursed ring of fire resistance (on left hand)
  W - an uncursed ring of polymorph control
  F - an uncursed ring of slow digestion (on right hand)
 Wands    ('/')
  e - an uncursed wand of create monster (0:13)
  G - a blessed wand of digging (0:1)
  w - an uncursed wand of fire (0:1)
  u - an uncursed wand of magic missile (1:8)
  Y - an uncursed wand of make invisible (0:3)
  g - an uncursed wand of probing (0:4)
  L - an uncursed wand of probing (0:4)
  B - an uncursed wand of teleportation (0:4)
 Tools    ('(')
  z - an uncursed tooled horn
  c - a cursed expensive camera (0:47)
  H - an uncursed magic whistle
  R - an uncursed skeleton key
  A - an uncursed towel
  h - an uncursed +0 unicorn horn
 Gems/Stones  ('*')
  T - an uncursed amethyst stone
  q - 3 uncursed worthless pieces of blue glass
  a - 4 uncursed worthless pieces of orange glass
  C - an uncursed worthless piece of yellow glass
  v - a blessed luckstone

CyberFan the Monk's attributes:

Background:
 You were a Student of Stones, a level 12 male human Monk.
 You were chaotic, on a mission for Huan Ti
 who was opposed by Shan Lai Ching (lawful) and Chih Sung-tzu (neutral).
 You were right-handed.
 You were in the Dungeons of Doom, on level 27.
 You entered the dungeon 26492 turns ago.
 You had 37890 experience points, 2110 more were needed to attain level 13.

Basics:
 You had 0 out of 81 hit points.
 You had 60 out of 78 energy points (spell power).
 Your armor class was -6.
 Your wallet contained 6009 zorkmids.
 Autopickup was on for '$%?!"=/*' plus thrown, with exceptions.

Final Characteristics:
 Your strength was 25 (base:18/03, innate limit:18/100).
 Your dexterity was 16 (limit:18).
 Your constitution was 18 (limit:18).
 Your intelligence was 10 (limit:18).
 Your wisdom was 17 (limit:18).
 Your charisma was 9 (limit:18).

Final Status:
 You were temporarily blind.
 You weren't hungry.
 You were unencumbered.
 You were empty handed.
 You had grand master skill with martial arts.
 You had a huge penalty to hit (-20) due to your suit.

Final Attributes:
 You were piously aligned.
 You were fire resistant.
 Your items were protected from fire.
 You were cold resistant.
 You were sleep resistant.
 You were poison resistant.
 You would have seen invisible when not blind.
 You were warned.
 You had automatic searching.
 You were stealthy.
 You could walk on water.
 You had slower digestion.
 You were guarded.
 Your spell casting was impaired by metallic armor, mitigated by your robe.
 You were fast.
 You had reflection.
 You were extremely lucky.
 You had extra luck.
 Good luck did not time out for you.
 You are dead.

Miscellaneous:
 You disabled loading and storing of bones levels.
 Total elapsed playing time was 3 hours, 29 minutes and 21 seconds.

Major events:
 Turn
    1: CyberFan the chaotic male human Monk entered the dungeon
  629: attained the rank of Novice (level 3)
 1989: entered the Gnomish Mines
 2314: attained the rank of Initiate (level 6)
 2551: reached Mine Town
 5602: entered Sokoban
 6045: completed 1st Sokoban level
 6727: completed 2nd Sokoban level
 7097: completed 3rd Sokoban level
 7898: completed 4th Sokoban level
 8164: acquired the Sokoban amulet of reflection
 9477: attained the rank of Student of Stones (level 10)
10916: acquired the Mines' End luckstone
14784: entered Home 1, the Quest
15030: was bestowed with Sting by Huan Ti
21293: killed Medusa
26492: killed by an Angel

Spells:
 Name                 Level Category     Fail Retention
 protection             1   clerical     100%   21%-30%
 light                  1   divination   100%    (gone)
 confuse monster        1   enchantment  100%    1%-25%
 jumping                1   escape       100%    (gone)
 slow monster           2   enchantment  100%    1%-25%
 magic missile          2   attack       100%   31%-40%
 extra healing          3   healing      100%   41%-50%
 clairvoyance           3   divination   100%   51%-75%
 teleport away          6   escape       100%   51%-75%
 chain lightning        2   attack       100%   81%-90%
 detect monsters        1   divination   100%  76%-100%

Skills:
 Fighting Skills
   martial arts       [Grand Master]
 Weapon Skills
   dagger             [Unskilled]
   quarterstaff       [Unskilled]
   spear              [Unskilled]
   crossbow           [Unskilled]
   shuriken           [Unskilled]
 Spellcasting Skills
   attack spells      [Basic]
   healing spells     [Basic]
   divination spells  [Unskilled]
   enchantment spells [Unskilled]
   clerical spells    [Basic]
   escape spells      [Unskilled]
   matter spells      [Unskilled]

Voluntary challenges:
 Character rerolling was not enabled.
 You were vegetarian.
 You never hit with a wielded weapon.
 You never genocided any monsters.
 You never polymorphed an object.
 You never changed form.
 You used no wishes.
 You violated the special Sokoban rules twice.
Achievements:
 You attained the rank of Novice.
 You entered a shop.
 You entered the Gnomish Mines.
 You attained the rank of Initiate.
 You entered Minetown.
 You entered a temple.
 You entered Sokoban.
 You completed Sokoban.
 You attained the rank of Student of Stones.
 You completed the Gnomish Mines.
 You defeated Medusa.
 You learned the tune to open and close the Castle's drawbridge.

 The Dungeons of Doom: levels 1 to 28
    Level 1:
       An altar to Huan Ti.
    Level 2:
       Stairs down to The Gnomish Mines.
    Level 3:
       A potion shop, an altar, a fountain.
    Level 4:
       A fountain.
    Level 5:
       A fountain.
    Level 6:
       Some fountains.
    Level 7:
       Many fountains.
    Level 8:
       Stairs up to Sokoban, level 7.
    Level 9:
       Many fountains.
    Level 10:
    Level 11:
       A fountain.
    Level 12:
       A fountain.
    Level 13:
       A fountain, a grave.
    Level 14:
       Summoned by the Grand Master.
       Portal to The Quest.
    Level 15:
       An altar to Huan Ti, a throne.
    Level 16:
       A primitive area.
    Level 17:
    Level 18:
       A fountain.
    Level 19:
    Level 20:
       Some fountains.
    Level 21:
       Some fountains, a grave.
    Level 22:
       A fountain.
    Level 23:
       A fountain.
    Level 24:
       A general store, some fountains.
    Level 25:
    Level 26:
    Level 27: <- You were here.
       A fountain.
       Final resting place for
          you, killed by an Angel.
    Level 28:
       A throne, a fountain.
       The castle (play notes "CGGFA" to open or close drawbridge).
 The Gnomish Mines: levels 3 to 10
    Level 3:
    Level 4:
    Level 5:
       Many shops, a temple and an altar, some fountains.
    Level 6:
    Level 7:
    Level 8:
    Level 9:
    Level 10:
       Some fountains.
 The Quest:
    Level 1:
       A temple and an altar, many trees.
       Home.
 Sokoban: levels 7 up to 4
    Level 4:
       Solved.
    Level 5:
       Solved.
    Level 6:
       Solved.
    Level 7:
       Solved.


Vanquished creatures:
    Medusa
  3 gold dragons
  a red dragon
  3 white dragons
  a black dragon
  a green dragon
  2 Olog-hai
  a titanothere
  a baby gray dragon
  a baby blue dragon
  2 guardian nagas
  2 liches
  2 nurses
  a lurker above
 an ettin
  a golden naga
  3 vampires
  a lieutenant
  a ghost
  2 queen bees
  a winged gargoyle
  3 giant mimics
  2 long worms
  2 zruties
  2 ogre tyrants
  5 ice trolls
  4 rock trolls
  2 umber hulks
 an elven monarch
  a doppelganger
  a large mimic
  a wumpus
  6 stalkers
  8 earth elementals
  2 water elementals
  2 hill giants
  4 giant mummies
  a black naga
  6 xorns
  2 giant zombies
  5 sergeants
  2 barbed devils
  2 wargs
  a winter wolf
  3 small mimics
  a glass piercer
  a warhorse
  2 xans
  3 ettin mummies
 an ogre leader
  4 quantum mechanics
  6 trolls
  a sasquatch
  a wood golem
  3 sharks
  2 gelatinous cubes
  a pyrolisk
  a large dog
  2 freezing spheres
  2 flaming spheres
  4 shocking spheres
  4 gargoyles
  4 dwarf rulers
  4 tengu
  2 ochre jellies
  2 leocrottas
  2 mountain centaurs
  2 stone giants
 an elf mummy
  2 human mummies
  a python
  a wraith
  a carnivorous ape
 an ettin zombie
  2 leather golems
  2 Grey-elves
 26 soldiers
 an amorous demon
  2 chameleons
  2 crocodiles
  2 giant beetles
  3 quivering blobs
  6 cockatrices
  3 wolves
  2 lynxes
  2 panthers
  2 leprechauns
 an orc-captain
  2 iron piercers
  5 giant spiders
  2 scorpions
  3 horses
  2 black lights
  a vampire bat
  3 forest centaurs
  8 gnome rulers
  5 orc mummies
  a brown pudding
  4 rust monsters
  6 owlbears
  6 yetis
  2 werewolves
  a Green-elf
  3 giant eels
  6 lizards
  a chickatrice
  2 dingoes
  2 dogs
  a housecat
  4 jaguars
  5 white unicorns
  2 gray unicorns
  2 dust vortices
  2 ravens
  6 plains centaurs
  2 gnome mummies
  a snake
  4 water moccasins
  6 apes
 13 human zombies
  a rope golem
 25 soldier ants
  4 fire ants
 16 bugbears
  a quasit
  3 wood nymphs
  3 water nymphs
  2 Mordor orcs
  6 orc shamans
  8 rock piercers
  6 rock moles
  5 ponies
  4 fog clouds
  7 yellow lights
  a shrieker
  2 violet fungi
 21 gnome leaders
  3 gnomish wizards
  5 kobold mummies
  a guardian naga hatchling
  a gray ooze
  2 barrow wights
  4 elf zombies
  3 ghouls
  a straw golem
  4 giant ants
  9 floating eyes
  2 kittens
 21 dwarves
  a homunculus
  3 kobold leaders
  4 kobold shamans
  6 hill orcs
  7 rothes
  a rabid rat
  a centipede
  2 giant bats
  a monkey
  2 orc zombies
  4 dwarf zombies
  3 werejackals
  8 iguanas
 52 killer bees
  4 acid blobs
  3 gas spores
 12 hobbits
  6 large kobolds
 14 hobgoblins
  7 giant rats
  2 cave spiders
  a yellow mold
  2 green molds
  a red mold
 56 gnomes
 18 garter snakes
  4 gnome zombies
  4 geckos
 13 jackals
  3 foxes
  4 kobolds
  5 goblins
  a sewer rat
 17 grid bugs
  8 bats
  9 lichens
  a kobold zombie
 14 newts
806 creatures vanquished.

No species were genocided or became extinct.

Game over:
                       ----------
                      /          \
                     /    REST    \
                    /      IN      \
                   /     PEACE      \
                  /                  \
                  |     CyberFan     |
                  |     6009 Au      |
                  |   killed by an   |
                  |      Angel       |
                  |                  |
                  |                  |
                  |       2026       |
                 *|     *  *  *      | *
        _________)/\\_//(\/(/\)/\//\/|_)_______

Goodbye CyberFan the Monk...

You died in The Dungeons of Doom on dungeon level 27 with 189755 points,
and 6009 pieces of gold, after 26492 moves.
You were level 12 with a maximum of 81 hit points when you died.

